 Dungeon Crawl Stone Soup version 0.26.1-11-gd32895ea62 (webtiles) character file.

Game seed: 3469272906527299488

123 growler the Gusty (level 5, -3/28 HPs)
             Began as a Tengu Air Elementalist on Apr 21, 2021.
             Slain by Grinder (4 damage)
             ... on level 3 of the Dungeon.
             The game lasted 00:07:00 (3180 turns).

growler the Gusty (Tengu Air Elementalist)          Turns: 3180, Time: 00:07:00

Health: -3/28      AC:  2    Str:  8    XL:     5   Next: 7%
Magic:  4/10       EV: 15    Int: 16    God:
Gold:   137        SH:  0    Dex: 15    Spells: 0/10 levels left

rFire    . . .     SeeInvis .   g - +0 dagger
rCold    . . .     Faith    .   (no shield)
rNeg     . . .     Spirit   .   a - +0 robe
rPois    .         Reflect  .   (helmet restricted)
rElec    .         Harm     .   (no cloak)
rCorr    .         Rampage  .   (no gloves)
Will     .....                  (boots unavailable)
Stlth    ++........             (no amulet)
HPRegen  0.09/turn              (no ring)
MPRegen  0.12/turn              (no ring)

@: flying quickly and evasively, quick
A: beak, talons 3, able to fly
a: Stop Flying


You were on level 3 of the Dungeon.
You visited 1 branch of the dungeon, and saw 3 of its levels.

You collected 137 gold pieces.

Inventory:

Hand Weapons
 g - a +0 dagger (weapon)
   (You took it off a goblin on level 1 of the Dungeon)
Armour
 a - a +0 robe (worn)
Jewellery
 u - an uncursed ring of flight
   (You took it off a hobgoblin on level 2 of the Dungeon)
Scrolls
 c - 8 scrolls of identify {unknown}
 e - a scroll of magic mapping {unknown}
 k - a scroll of enchant armour {unknown}
 o - a scroll of amnesia {unknown}
 p - 2 scrolls of enchant weapon {unknown}
 r - a scroll of fear {unknown}
 s - a scroll of immolation {unknown}
 t - 3 scrolls of teleportation {unknown}
Potions
 b - a potion of mutation {unknown}
 d - a potion of degeneration {unknown}
 f - a potion of curing {unknown}
 h - a potion of haste {unknown}
 i - a potion of might {unknown}
 j - 2 potions of lignification {unknown}
 l - a potion of experience {unknown}
 m - a potion of heal wounds {unknown}
 n - a potion of brilliance {unknown}
 q - 2 potions of flight {unknown}
 v - a potion of ambrosia {unknown}


   Skills:
 - Level 2.1 Dodging
 - Level 2.0 Stealth
 + Level 3.1 Spellcasting
 + Level 3.7 Conjurations
 + Level 5.3 Air Magic


You couldn't memorise any spells.
You knew the following spells:

 Your Spells              Type           Power        Failure   Level
a - Shock                 Conj/Air       68%          3%          1
b - Airstrike             Air            9%           21%         4
d - Static Discharge      Conj/Air       17%          9%          3
s - Swiftness             Air            19%          3%          2

Your spell library contained the following spells:

 Spells                   Type           Power        Failure   Level
 Lightning Bolt           Conj/Air       8%           63%         5


Dungeon Overview and Level Annotations

Branches:
Dungeon (3/15)

Altars:

Annotations:
D:3 Grinder


Innate Abilities, Weirdness & Mutations

You have a beak for a mouth.
You have claws for feet.
You can fly continuously.


Message History

There is a stone staircase leading up here.
Grinder gestures at you. You resist with significant effort.
You fly upwards.
There is a stone staircase leading down here.
You start resting.
You fly downwards.
Level annotation: Grinder
There is a stone staircase leading up here.
Okay, then.
Okay, then.
You fly upwards.
There is a stone staircase leading down here.
This spell is extremely dangerous to cast!
Memorise Airstrike, consuming 4 spell levels and leaving 0?
You start memorising the spell.
You continue memorising. x4
You finish memorising.
Spell assigned to 'b'.
You fly downwards.
Level annotation: Grinder
There is a stone staircase leading up here.
The spell is extremely dangerous to cast (21% risk of failure)!
Continue anyway?
Aim: Grinder You miscast Airstrike.
You are very lightly contaminated with residual magic.
Nothing appears to happen.
The spell is extremely dangerous to cast (21% risk of failure)!
Continue anyway?
Aim: Grinder You miscast Airstrike.
Nothing appears to happen.
You fly upwards.
There is a stone staircase leading down here.
You start resting.
Your magical contamination has completely faded away.
You fly downwards.
Level annotation: Grinder
There is a stone staircase leading up here.
The spell is quite dangerous to cast (9% risk of failure)!
Continue anyway?
Grinder is struck by an arc of lightning!
You are struck by an arc of lightning.
The lightning grounds out.
Grinder hits you!
You writhe in agony.
* * * LOW HITPOINT WARNING * * *
The spell is quite dangerous to cast (9% risk of failure)!
Continue anyway?
Grinder is struck by an arc of lightning!
You are struck by an arc of lightning.
* * * LOW HITPOINT WARNING * * *
The lightning grounds out.
Grinder hits you!
* * * LOW HITPOINT WARNING * * *
Grinder hits you.
* * * LOW HITPOINT WARNING * * *
You writhe in agony.
You die...

.. .. .. .. .##. .#.
.. .#####.####
.......5..# ######
.#####.@# ........#
.....#
........##........#
.....#
.#####...##.......#.
.....##
#...##.........
.<))w.#
##..##........#
..o...)..
#...........##..
.........
##..#...........
..?......
####.............
#####....
.....................


You could see Grinder.

Vanquished Creatures
  A scorpion (D:3)
  An adder (D:3)
  3 worms
  A dart slug (D:1)
  2 leopard geckos
  5 orcs (D:3)
  A giant cockroach (D:3)
  10 goblins
  7 hobgoblins
  A quokka (D:3)
  8 bats
  2 frilled lizards (D:2)
  3 kobolds
  4 rats (D:1)
49 creatures vanquished.

Notes
Turn   | Place    | Note
-------+----------+-------------------------------------------
     0 | D:1      | growler the Tengu Air Elementalist began the quest for the
                  | Orb.
     0 | D:1      | Reached XP level 1. HP: 10/10 MP: 4/4
   179 | D:1      | Reached XP level 2. HP: 15/15 MP: 0/6
   300 | D:1      | Learned a level 2 spell: Swiftness
  1238 | D:2      | Reached XP level 3. HP: 19/19 MP: 5/7
  1242 | D:2      | Learned a level 3 spell: Static Discharge
  2505 | D:3      | Noticed Grinder
  2569 | D:3      | Reached XP level 4. HP: 20/24 MP: 0/9
  2683 | D:3      | Reached skill level 5 in Air Magic
  2772 | D:3      | Gained mutation: You can fly continuously. [Tengu growth]
  2772 | D:3      | Reached XP level 5. HP: 24/28 MP: 0/10
  3108 | D:2      | Learned a level 4 spell: Airstrike
  3180 | D:3      | HP: 1/28 [Grinder (3)]
  3180 | D:3      | Slain by Grinder

Illustrated notes

Levels and vault maps discovered:
D:1:      saegor_arrival_simple_d, layout_basic, minmay_hedge_maze
D:2:      layout_basic
D:3:      layout_rooms, general_overflow_altar, uniq_grinder

Skill      XL: |  1  2  3  4 |
---------------+-------------+-----
Conjurations   | 2 3 |  3.7
Air Magic      | 5 |  5.3
Spellcasting   | 3 |  3.1
Dodging        | |  2.1
Stealth        | |  2.0

Action                   |  1- 3 |  4- 6 || total
-------------------------+-------+-------++-------
Melee: Unarmed           |     3 |       ||     3
       Dagger            |     6 |     3 ||     9
       Kick              |     4 |       ||     4
 Cast: Shock             |    70 |    26 ||    96
       Static Discharge  |     2 |     5 ||     7
 Abil: Fly               |       |     1 ||     1
Armor: Robe              |     4 |       ||     4
Dodge: Dodged            |     5 |    10 ||    15
